 Dungeon Sprint DCSS version 0.30-a0-23-ge60ba3568b (webtiles) character file.

Game seed: 11460889085137848791

431 Iusername the Protected (level 6, -4/64 HPs)
             Began as a Minotaur Fighter on Aug 24, 2022.
             Was an Initiate of Dithmenos.
             Asphyxiated
             ... in the Dungeon (Sprint I: "Red Sonja").
             The game lasted 00:02:30 (1048 turns).

Iusername the Protected (Minotaur Fighter)          Turns: 1048, Time: 00:02:30

Health: -4/64      AC:  8    Str: 21    XL:     6   Next: 67%
Magic:  5/5        EV: 10    Int:  5    God:    Dithmenos [......]
Gold:   297        SH:  6    Dex: 11    Spells: 5/5 levels left

rFire   . . .      SeeInvis .    a - +0 long sword
rCold   . . .      Faith    .    c - +0 buckler
rNeg    . . .      Spirit   .    b - +0 scale mail
rPois   .          Reflect  .    (helmet restricted)
rElec   .          Harm     .    (no cloak)
rCorr   .          Rampage  .    (no gloves)
Will    .....      NoTele   +    (no boots)
Stlth   ..........               (no amulet)
HPRegen 0.20/turn                (no ring)
MPRegen 0.09/turn                (no ring)

@: lethally poisoned (-4 -> -37), slowed, very slow
A: horns 2, retaliatory headbutt
a: Renounce Religion


You were in the Dungeon.
You worshipped Dithmenos.
Dithmenos was noncommittal.
You visited 1 branch You collected 297 gold pieces.

Inventory:

Hand Weapons
 a - a +0 long sword (weapon)
Armour
 b - a +0 scale mail (worn)
 c - a +0 buckler (worn)
Wands
 d - a wand of mindburst (6)
Scrolls
 f - a scroll of enchant armour {unknown}
 j - a scroll of blinking
Potions
 g - 2 potions of haste
 h - 2 potions of magic


   Skills:
 + Level 9.5 Fighting
 + Level 8.0 Long Blades
 + Level 10.2 Armour
 + Level 1.1 Dodging
 + Level 9.0 Shields


You had 5 spell levels left.
You didn't know any spells.
Your spell library was empty.

Dungeon Overview and Level Annotations

Branches:
Dungeon (1/1)

Altars:
Cheibriados
Dithmenos
Elyvilon
Fedhas
Gozag
Hepliaklqana
Kikubaaqudgha
Nemelex Xobeh
Okawaru
Qazlal
Ru
Sif Muna
Trog
Uskayaw
Vehumet
Wu Jian
Yredelemnul
Zin
The Shining One

Shops:
D =

Annotations:
D Sonja


Innate Abilities, Weirdness & Mutations

You have a pair of horns on your head.
You reflexively headbutt those who attack you in melee.


Message History

Sonja throws a curare-tipped dart.
The curare-tipped dart barely misses you.
Found 108 gold pieces.
There is an open door here.
Sonja hits you but does no damage. Space warps around you. Sonja misses you.
Sonja hits you but does no damage. Space warps around you.
You block Sonja's attack. Sonja hits you but does no damage. x2
Space warps horribly around you!
You completely miss Sonja. Sonja barely misses you.
Sonja hits you with a +2 dagger of distortion.
Sonja barely misses you.
You completely miss Sonja. Sonja completely misses you.
Sonja hits you but does no damage. Space warps around you.
Sonja hits you but does no damage. You block Sonja's attack.
Sonja hits you with a +2 dagger of distortion.
Space warps horribly around you! Sonja hits you but does no damage.
Space warps around you!
* * * LOW HITPOINT WARNING * * *
You closely miss Sonja. Your headbutt misses Sonja.
Sonja hits you with a +2 dagger of distortion.
* * * LOW HITPOINT WARNING * * *
Sonja hits you with a +2 dagger of distortion!
* * * LOW HITPOINT WARNING * * *
Space warps around you.
* * * LOW HITPOINT WARNING * * *
Sonja barely misses you.
You barely miss Sonja.
Sonja mumbles some strange words.
Sonja blinks!
Unknown command.
You feel better.
Sonja throws a curare-tipped dart.
The curare-tipped dart hits you.
You are lethally poisoned!
You have difficulty breathing.
* * * LOW HITPOINT WARNING * * *
You feel yourself slow down.
Sonja throws a curare-tipped dart.
The curare-tipped dart hits you.
You are more poisoned.
You have difficulty breathing.
You die...

#..#####'#####'#
#..####..#...#.#
#..#__####..##.#
#..#_____##'#_.+
#⌠⌠#_.∩...÷..._#
####_..__##_.#+#
#_____###K#
#########.##
+@.$+ #$.$#
##.## #+#


You could see Sonja.

Vanquished Creatures
  Sigmund (D)
  A yak (D)
  An ogre (D)
  A jelly (D)
  Ijyb (D)
5 creatures vanquished.

Notes
Turn   | Place    | Note
-------+----------+-------------------------------------------
     0 | D        | Iusername the Minotaur Fighter began the quest for the Orb.
     0 | D        | Reached XP level 1. HP: 19/19 MP: 0/0
     1 | D        | Noticed Ijyb
    13 | D        | Killed Ijyb
    14 | D        | Reached skill level 5 in Fighting
    14 | D        | Reached skill level 5 in Armour
    14 | D        | Reached skill level 5 in Shields
    14 | D        | Reached XP level 2. HP: 27/29 MP: 1/1
    18 | D        | Noticed an ogre
    22 | D        | Killed an ogre
    23 | D        | Reached skill level 7 in Armour
    23 | D        | Reached XP level 3. HP: 34/38 MP: 2/2
    23 | D        | Reached XP level 4. HP: 40/45 MP: 3/3
   345 | D        | Noticed Sigmund
   362 | D        | Killed Sigmund
   363 | D        | Reached skill level 9 in Armour
   363 | D        | Reached XP level 5. HP: 18/56 MP: 4/4
   784 | D        | Found an ornate altar of the Wu Jian Council.
   784 | D        | Found a shimmering blue altar of Sif Muna.
   786 | D        | Found a radiant altar of Vehumet.
   795 | D        | Reached XP level 6. HP: 52/62 MP: 5/5
   801 | D        | Found Cesalu's Jewellery Emporium.
   801 | D        | Found an ancient bone altar of Kikubaaqudgha.
   801 | D        | Found a hazy altar of Hepliaklqana.
   801 | D        | Found a stormy altar of Qazlal.
   801 | D        | Found a hide-covered altar of Uskayaw.
   801 | D        | Found a blossoming altar of Fedhas.
   801 | D        | Found a bloodstained altar of Trog.
   801 | D        | Found an iron altar of Okawaru.
   801 | D        | Found a basalt altar of Yredelemnul.
   801 | D        | Found a glowing golden altar of the Shining One.
   801 | D        | Found a snail-covered altar of Cheibriados.
   801 | D        | Found a sacrificial altar of Ru.
   801 | D        | Found a glowing silver altar of Zin.
   801 | D        | Found a shadowy altar of Dithmenos.
   801 | D        | Found a white marble altar of Elyvilon.
   801 | D        | Noticed a yak
   805 | D        | Killed a yak
   806 | D        | Reached skill level 10 in Armour
   806 | D        | Reached skill level 1 in Dodging
   990 | D        | Found an opulent altar of Gozag.
   991 | D        | Found a sparkling altar of Nemelex Xobeh.
   999 | D        | Became a worshipper of Dithmenos the Shadowed
  1039 | D        | Noticed Sonja
  1044 | D        | HP: 2/64 [Sonja/+2 dagger of distortion (4)]
  1048 | D        | Asphyxiated

Illustrated notes

Levels and vault maps discovered:
D:        dungeon_sprint_1 [red_sonja_temple_1, red_sonja_temple_small_1]

Skill      XL: |  1  2  3  4  5  6 |
---------------+-------------------+-----
Fighting       | 5 6 8 9 |  9.5
Long Blades    | 3 4 6 8 |  8.0
Armour         | 5 7 9 10 | 10.2
Shields        | 5 6 8 9 |  9.0
Dodging        | 1 |  1.1

Action                   |  1- 3 |  4- 6 || total
-------------------------+-------+-------++-------
Melee: Long sword        |    12 |    23 ||    35
       Headbutt          |     1 |     2 ||     3
  Use: Potion            |     3 |     1 ||     4
Armor: Scale mail        |     3 |    12 ||    15
Dodge: Dodged            |     4 |    13 ||    17
Block: Buckler           |     3 |     2 ||     5

Table legend: (Time is in decaauts)
 A = Elapsed time spent in this place.
 B = Non-inter-level travel time spent in this place.
 C = Inter-level travel time spent in this place.
 D = Time resting spent in this place.
 E = Time spent auto-exploring this place.
 F = Levels seen in this place.
 G = Mean time per level.
                   A        B        C        D        E       F      G
               +--------+--------+--------+--------+--------+-----+--------+
         Total |   1064 |   1064 |      0 |    910 |      1 |   1 | 1064.0 |
       Dungeon |   1064 |   1064 |      0 |    910 |      1 |   1 | 1064.0 |
               +--------+--------+--------+--------+--------+-----+--------+

Top non-repeatable levels by time:
       D: 1064 daAuts
